 Dungeon Crawl Stone Soup version 0.29-a0-474-gdfe5cd140f (webtiles) character file.

Game seed: 10296262241160040603

15 lesaewzxc the Vexing (level 2, -1/16 HPs)
             Began as a Kobold Arcane Marksman on May 23, 2022.
             Frozen to death by an endoplasm (2 damage)
             ... on level 1 of the Dungeon.
             The game lasted 00:02:21 (279 turns).

lesaewzxc the Vexing (Kobold Arcane Marksman)        Turns: 279, Time: 00:02:22

Health: -1/16      AC:  2    Str:  7    XL:     2   Next: 65%
Magic:  4/4        EV: 15    Int: 14    God:
Gold:   48         SH:  0    Dex: 15    Spells: 2/3 levels left

rFire   . . .      SeeInvis .   a - +0 hand crossbow
rCold   . . .      Faith    +   (no shield)
rNeg    . . .      Spirit   .   b - +0 robe
rPois   .          Reflect  .   (no helmet)
rElec   .          Harm     .   (no cloak)
rCorr   .          Rampage  .   (no gloves)
Will    .....                   (no boots)
Stlth   ++........              g - amulet of faith
HPRegen 0.05/turn               (no ring)
MPRegen 0.09/turn               (no ring)

@: no status effects
A: small, no large weapons, nightstalker 3
a: no special abilities


You were on level 1 of the Dungeon.
You visited 1 branch of the dungeon, and saw 1 of its levels.

You collected 48 gold pieces.

Inventory:

Hand Weapons
 a - a +0 hand crossbow (weapon)
Armour
 b - a +0 robe (worn)
Jewellery
 g - an amulet of faith (around neck)
Scrolls
 c - a scroll of vulnerability
 d - 2 scrolls of identify {unknown}
 e - a scroll of noise {unknown}
 f - a scroll of fog {unknown}
 h - a scroll of summoning {unknown}
 i - a scroll of magic mapping {unknown}
Potions
 j - a potion of heal wounds {unknown}


   Skills:
 + Level 1.5 Fighting
 + Level 3.0 Crossbows
 + Level 2.7 Dodging
 + Level 1.4 Spellcasting
 + Level 3.1 Hexes


You had 2 spell levels left.
You knew the following spells:

 Your Spells              Type           Power      Damage    Failure   Level
a - Slow                  Hex            36%        N/A       7%          1

Your spell library contained the following spells:

 Spells                   Type           Power      Damage    Failure   Level
 Magic Dart               Conj           0%         1d3       26%         1
 Call Imp                 Summ           0%         N/A       36%         2
 Dazzling Flash           Conj/Hex       10%        N/A       36%         3
 Inner Flame              Hex/Fire       5%         N/A       36%         3
 Portal Projectile        Hex/Tloc       10%        N/A       36%         3
 Cause Fear               Hex            4%         N/A       56%         4
 Mephitic Cloud           Conj/Pois/Air  0%         N/A       58%         3
 Silence                  Hex/Air        2%         N/A       98%         5
 Agony                    Necr           0%         N/A       100%        5


Dungeon Overview and Level Annotations

Branches:
Dungeon (1/15)

Altars:

Shops:
D:1 :


Innate Abilities, Weirdness & Mutations

You are small and have problems with some larger weapons.
You are completely attuned to the shadows.


Message History

You kill the rat!
j - a sedimented sapphire potion
There are no items here.
You now have 18 gold pieces (gained 11).
There are no items here.
Found 30 gold pieces.
A rat comes into view.
A gnoll comes into view. It is wielding a +0 club.
The gnoll shouts!
You hear a bark! x2
The gnoll completely misses you.
An endoplasm comes into view.
A jackal comes into view. x2
You hear a bark!
The gnoll barely misses you.
You see here 12 gold pieces.
You now have 30 gold pieces (gained 12).
The jackal barks!
A jackal comes into view.
The endoplasm jiggles.
The gnoll misses you. The jackal barely misses you.
Found a bubbling silvery potion.
A jackal comes into view.
A quokka comes into view.
The endoplasm completely misses you. The gnoll misses you.
The jackal barely misses you.
You see here 18 gold pieces.
You now have 48 gold pieces (gained 18).
The jackal barely misses you. x2; The gnoll hits you with a +0 club.
The endoplasm barely misses you. The endoplasm attacks as you move away!
The endoplasm barely misses you. The jackal bites you.
The jackal closely misses you. The gnoll hits you with a +0 club!
The jackal closely misses you. The jackal bites you.
* * * LOW HITPOINT WARNING * * *
The jackal attacks as you move away! The jackal bites you.
* * * LOW HITPOINT WARNING * * *
The jackal attacks as you move away! The jackal bites you.
* * * LOW HITPOINT WARNING * * *
The jackal attacks as you move away! The jackal closely misses you.
The endoplasm freezes you.
You are frozen.
You die...

r.......≈.≈.......
...#.....≈........
###.........##.....
#....#.............
#......#####..... #
#.....## . #.
##.#### #.###.##
.#..g@..##
....J....#
!..rhhh...#
..........#
..........#
..........


You could see a gnoll, an endoplasm, a quokka and 3 jackals.

Vanquished Creatures
  A ball python (D:1)
  An endoplasm (D:1)
  3 quokkas (D:1)
  3 bats (D:1)
  3 goblins (D:1)
  A kobold (D:1)
  3 rats (D:1)
15 creatures vanquished.

Notes
Turn   | Place    | Note
-------+----------+-------------------------------------------
     0 | D:1      | lesaewzxc the Kobold Arcane Marksman began the quest for
                  | the Orb.
     0 | D:1      | Reached XP level 1. HP: 12/12 MP: 2/2
    81 | D:1      | Found a faded altar of an unknown god.
   148 | D:1      | Reached XP level 2. HP: 16/16 MP: 3/3
   230 | D:1      | Found Lutaamye's Book Shoppe.
   279 | D:1      | Frozen to death by an endoplasm

Illustrated notes

Levels and vault maps discovered:
D:1:      dpeg_arrival_tiny_j, layout_rooms, serial_shops, nicolae_diamond_shop,
          ebering_ecumenical_altar_petrified

Skill      XL: |  1  2 |
---------------+-------+-----
Crossbows      | 3 |  3.0
Fighting       | |  1.5
Dodging        | |  2.7
Spellcasting   | |  1.4
Hexes          | |  3.1

Action                   || total
-------------------------++-------
 Fire: Hand crossbow     ||    24
Armor: Robe              ||     1
Dodge: Dodged            ||    23

Table legend: (Time is in decaauts)
 A = Elapsed time spent in this place.
 B = Non-inter-level travel time spent in this place.
 C = Inter-level travel time spent in this place.
 D = Time resting spent in this place.
 E = Time spent auto-exploring this place.
 F = Levels seen in this place.
 G = Mean time per level.
                   A        B        C        D        E       F      G
               +--------+--------+--------+--------+--------+-----+--------+
         Total |    287 |    287 |      0 |      0 |     48 |   1 |  287.0 |
       Dungeon |    287 |    287 |      0 |      0 |     48 |   1 |  287.0 |
               +--------+--------+--------+--------+--------+-----+--------+

Top non-repeatable levels by time:
     D:1: 287 daAuts
